 Dungeon Crawl Stone Soup version 0.31-a0-801-gc67433417a (webtiles) character file.

Game seed: 9276259184149245558

1064 GordonOverkill the Chiller (level 8, -1/48 HPs)
             Began as a Deep Elf Delver on Sept 20, 2023.
             Was a Priest of Vehumet.
             Shot with an arrow by a centaur (5 damage)
             ... on level 3 of the Dungeon.
             The game lasted 00:12:33 (6534 turns).

GordonOverkill the Chiller (Deep Elf Delver)        Turns: 6534, Time: 00:12:34

Health: -1/48      AC:  6    Str:  9    XL:     8   Next: 6%
Magic:  12/17      EV: 12    Int: 21    God:    Vehumet [***...]
Gold:   382        SH:  0    Dex: 16    Spells: 13/17 levels left

rFire   . . .        a - +0 short sword
rCold   . . .        (no shield)
rNeg    . . .        s - +1 leather armour of Untruth {Int+3}
rPois   .            (helmet restricted)
rElec   .            q - +0 cloak
rCorr   .            (no gloves)
SInv    .            (no boots)
Will    .....        d - amulet of faith
Stlth   +++          p - ring of wizardry
HPRegen 0.28/turn    (no ring)
MPRegen 0.15/turn

%: faith, wizardry (x1)
@: no status effects
A: antennae 1, shaggy fur 1
a: Renounce Religion


You were on level 3 of the Dungeon.
You worshipped Vehumet.
Vehumet was most pleased with you.
You visited 2 branches of the dungeon, and saw 7 of its levels.

You collected 382 gold pieces.

Inventory:

Hand Weapons
 a - a +0 short sword (weapon)
Armour
 q - a +0 cloak (worn)
 s - the +1 leather armour of Untruth (worn) {Int+3}
   (You found it on level 3 of the Dungeon)

   Int+3:     It affects your intelligence (+3).
Magical Staves
 j - a staff of earth
Jewellery
 d - an amulet of faith (around neck)
 e - an amulet of regeneration
 p - a ring of wizardry (left hand)
 t - an amulet of magic regeneration
 u - a ring of positive energy
 v - a ring of ice
 y - a +5 ring of evasion
Wands
 g - a wand of digging (3)
Scrolls
 c - 3 scrolls of fog
 h - a scroll of noise {unknown}
 i - 2 scrolls of teleportation
 k - 3 scrolls of identify {unknown}
 r - 2 scrolls of poison {unknown}
 x - 2 scrolls of blinking
Potions
 b - a potion of enlightenment {unknown}
 f - a potion of curing
 l - 2 potions of attraction {unknown}
 m - a potion of mutation
 n - 2 potions of might {unknown}
 o - a potion of heal wounds {unknown}
 w - a potion of brilliance {unknown}
 z - a potion of berserk rage {unknown}


   Skills:
 - Level 4.0 Fighting
 - Level 2.0 Short Blades
 - Level 2.4 Dodging
 - Level 6.0 Stealth
 - Level 5.0 Spellcasting
 - Level 2.0 Conjurations
 - Level 5.0 Hexes
 + Level 6.5 Ice Magic


You had 13 spell levels left.
You knew the following spells:

 Your Spells              Type           Power      Damage    Failure   Level
a - Freeze                Ice            100%       1d10      1%          1
b - Dazzling Flash        Conj/Hex       38%        N/A       1%          3

Your spell library contained the following spells:

 Spells                   Type           Power      Damage    Failure   Level


Dungeon Overview and Level Annotations

Branches:
Dungeon (6/15)             Temple (1/1) D:6

Altars:
Ashenzari
Cheibriados
Dithmenos
Elyvilon
Fedhas
Hepliaklqana
Nemelex Xobeh
Okawaru
Qazlal
Ru
Sif Muna
Uskayaw
Vehumet
Wu Jian
Xom
Yredelemnul

Annotations:
D:5 exclusion: ice beast


Innate Abilities, Weirdness & Mutations

You have a pair of small antennae on your head.
You are covered in fur. (AC +1)


Message History

You feel better.
The centaur shoots an arrow.
The arrow hits you.
* * * LOW HITPOINT WARNING * * *
The centaur shoots an arrow.
The arrow misses you.
The centaur unwields a +0 shortbow.
The centaur closely misses you. The centaur kicks you.
* * * LOW HITPOINT WARNING * * *
You feel better.
The centaur hits you but does no damage.
The centaur misses you. The centaur hits you.
* * * LOW HITPOINT WARNING * * *
The centaur barely misses you.
You feel better. The centaur closely misses you.
The centaur kicks you but does no damage.
Casting: Freeze (safe; 1% risk of failure)
Confirm with . or Enter, or press ? or * to list all spells.
Casting: Dazzling Flash (safe; 1% risk of failure)
Press: ? - help, Dir - look around, f - activate The centaur is dazzled.
The centaur misses you. The centaur barely misses you.
The centaur closely misses you. The centaur barely misses you.
Casting: Dazzling Flash (safe; 1% risk of failure)
Confirm with . or Enter, or press ? or * to list all spells.
Aiming: Freeze (safe; 1% risk of failure)
Press: ? - help, Shift-Dir - straight line, f - centaur
Aim: a centaur (blind)
You freeze the centaur!
The centaur is moderately wounded.
The centaur barely misses you. The centaur closely misses you.
Casting: Freeze (safe; 1% risk of failure)
Confirm with . or Enter, or press ? or * to list all spells.
Aiming: Freeze (safe; 1% risk of failure)
Press: ? - help, Shift-Dir - straight line, f/p - centaur
Aim: a centaur (moderately wounded, blind)
You freeze the centaur.
The centaur is heavily wounded.
The gnoll shouts!
You hear a shout!
The centaur is no longer blind.
The centaur wields a +0 shortbow.
The centaur shoots an arrow.
The arrow hits you!
* * * LOW HITPOINT WARNING * * *
The centaur shoots an arrow.
The arrow hits you.
You die...

..#.#........# #...# #....(
#.#.###....#####...#########.....
#.#.# ####...##8...8#8...8##.....
#.#.# #.####.....#.....##.....
#.#.# #.# #.._..'..[..##.....
#.#.######.####.....#.....#######
#.#..........##8...8#8)..8# #
..#######.######...######## #
.............# #@.)# #
..#####......###...### # ..#
#.......##...#.#### # ###
#.......##........# #
#.......###...g.### #
#........[...c.g..## ###
#......<.g...#..#..## ###..
###.##.......#..##..###...#
♣♣♣♣♣♣ ###....###.#....ggg<#.###


You could see a centaur and 2 gnolls.

Vanquished Creatures
  Pargi (D:4)
  An ogre (D:4)
  2 phantoms (D:5)
  4 scorpions (D:5)
  3 jellies (D:5)
  Jessica (D:2)
  2 iguanas (D:5)
  2 orc wizards
  Natasha (thrice) (D:3)
  A gnoll (D:2)
  5 adders
  A white imp (D:5)
  2 ufetubi (D:5)
  2 worms
  3 dart slugs (D:1)
  8 orcs
  5 bats
  11 endoplasms
  3 giant cockroaches
  9 goblins
  6 hobgoblins
  11 kobolds
  2 quokkas
  3 ball pythons
  6 frilled lizards
  7 rats
104 creatures vanquished.

Notes
Turn   | Place    | Note
-------+----------+-------------------------------------------
     0 | D:5      | GordonOverkill the Deep Elf Delver began the quest for the
                  | Orb.
     0 | D:5      | Reached XP level 1. HP: 13/13 MP: 3/3
    19 | D:6      | Found a staircase to the Ecumenical Temple.
    29 | Temple   | Entered the Ecumenical Temple
    45 | Temple   | Became a worshipper of Vehumet
    92 | D:5      | Noticed a jelly
   104 | D:5      | Noticed a scorpion
   135 | D:5      | Noticed a phantom
   142 | D:5      | Noticed an ice beast
   308 | D:3      | Reached XP level 2. HP: 19/19 MP: 4/4
   345 | D:3      | Identified the +1 leather armour of Untruth {Int+3}
   475 | D:2      | Reached skill level 1 in Spellcasting
   496 | D:2      | Noticed Jessica
   542 | D:2      | Found a blossoming altar of Fedhas.
   843 | D:1      | Found a faded altar of an unknown god.
   869 | D:1      | Reached XP level 3. HP: 12/23 MP: 8/8
  1207 | D:1      | Reached * piety under Vehumet
  1207 | D:1      | Offered knowledge of Freeze by Vehumet.
  1261 | D:1      | Reached skill level 1 in Conjurations
  1675 | D:1      | Learned a level 1 spell: Freeze
  1827 | D:2      | Killed Jessica
  1828 | D:2      | Reached skill level 1 in Ice Magic
  1828 | D:2      | Reached XP level 4. HP: 9/28 MP: 3/10
  2640 | D:3      | Found an iron altar of Okawaru.
  2640 | D:3      | Found a runed translucent door.
  2832 | D:3      | Noticed Natasha
  2845 | D:3      | Killed Natasha
  2903 | D:3      | Noticed Natasha
  2912 | D:3      | Killed Natasha
  2913 | D:3      | Reached XP level 5. HP: 32/32 MP: 4/11
  3055 | D:3      | Noticed a centaur
  3055 | D:3      | Found the +0 toga "Victory" {*Victory Clar}
  3089 | D:3      | Noticed Natasha
  3097 | D:3      | Killed Natasha
  3460 | D:3      | Reached ** piety under Vehumet
  3786 | D:4      | Noticed Pargi
  3824 | D:4      | Offered knowledge of Scorch by Vehumet.
  3888 | D:3      | Reached skill level 5 in Spellcasting
  4041 | D:4      | Noticed an ogre
  4193 | D:4      | Reached XP level 6. HP: 37/37 MP: 13/15
  4396 | D:5      | Gained mutation: You are covered in fur. (AC +1) [potion of
                  | mutation]
  4396 | D:5      | Gained mutation: You have a pair of small antennae on your
                  | head. [potion of mutation]
  4529 | D:5      | Reached skill level 5 in Ice Magic
  4621 | D:5      | Offered knowledge of Dazzling Flash by Vehumet.
  4626 | D:5      | Learned a level 3 spell: Dazzling Flash
  4637 | D:5      | Found a hide-covered altar of Uskayaw.
  4706 | D:5      | Reached XP level 7. HP: 36/43 MP: 5/16
  5437 | D:5      | Reached skill level 5 in Hexes
  5789 | D:4      | Killed Pargi
  5790 | D:4      | Reached XP level 8. HP: 35/48 MP: 5/17
  5849 | D:4      | Reached *** piety under Vehumet
  6534 | D:3      | Shot with an arrow by a centaur

Illustrated notes

Levels and vault maps discovered:
D:1:      lemuel_arrival_lava_pool, layout_basic,
          shapermc_ecumenical_altar_mp_ritualfount, minmay_misc_feat_pillars,
          nicolae_hexahallways
D:2:      layout_basic, basic_altar, uniq_jessica
D:3:      layout_basic, nicolae_overflow_guarded_unrand_okawaru_victory,
          kennysheep_potato, uniq_natasha
D:4:      layout_rooms, uniq_pargi
D:5:      layout_cave_pools, mainiacjoe_overflow_24_doors
D:6:      minmay_chambers_of_fours, layout_basic, minmay_temple_entry_junction,
          serial_shops, shop, chequers_serial_rivers_room_b
Temple:   compressed_dpeg_circular_temple

Skill      XL: |  1  2  3  4  5  6  7 |
---------------+----------------------+-----
Fighting       | 3 4 |  4.0
Spellcasting   | 2 3 5 |  5.0
Conjurations   | 2 |  2.0
Ice Magic      | 1 3 5 6 |  6.5
Hexes          | 5 |  5.0
Short Blades   | |  2.0
Dodging        | |  2.4
Stealth        | |  6.0

Action                     |  1- 3 |  4- 6 |  7- 9 || total
---------------------------+-------+-------+-------++-------
  Melee: Short sword       |   137 |    68 |    30 ||   235
         Punch             |       |     2 |     1 ||     3
   Cast: Freeze            |     7 |   117 |    51 ||   175
         Dazzling Flash    |       |       |     5 ||     5
    Use: Scroll            |     3 |     1 |       ||     4
         Potion            |     1 |     3 |     4 ||     8
   Stab: Sleeping          |    15 |     7 |       ||    22
 Armour: Leather armour    |    65 |    74 |    76 ||   215
         Skin              |       |    33 |       ||    33
  Dodge: Dodged            |    69 |    78 |    53 ||   200

Table legend: (Time is in decaauts)
 A = Elapsed time spent in this place.
 B = Non-inter-level travel time spent in this place.
 C = Inter-level travel time spent in this place.
 D = Time resting spent in this place.
 E = Time spent auto-exploring this place.
 F = Levels seen in this place.
 G = Mean time per level.
                   A        B        C        D        E       F      G
               +--------+--------+--------+--------+--------+-----+--------+
         Total |   6507 |   5999 |    508 |   1851 |   2769 |   7 |  929.6 |
       Dungeon |   6475 |   5981 |    494 |   1851 |   2769 |   6 | 1079.2 |
        Temple |     31 |     17 |     14 |      0 |      0 |   1 |   31.0 |
               +--------+--------+--------+--------+--------+-----+--------+

Top non-repeatable levels by time:
     D:3: 1799 daAuts
     D:5: 1507 daAuts
     D:2: 1357 daAuts
     D:1: 1154 daAuts
     D:4: 610 daAuts
     D:6: 45 daAuts
  Temple: 31 daAuts
